cohdb
Replays
Latest Replays
All Replays
Popular Replays
Top Player Replays
Match Explorer
How It Works
Community
CoH3 Stats
Reddit
Sign in to upload your games and track your stats! →
Sign in with Steam
Match 44074296
Unlisted
Match 44074296
Overview
Messages
Build Orders
End
Kradschützen Motorcycle Team
Panzergrenadier Squad
250 Light Carrier
Construct Light Support Kompanie
Combat Half-tracks
Panzerjäger Squad
Fire Support Elements
Flakvierling Half-track
Pak 38 Mechanized Group
Vehicle Survival Package
Construct Panzerarmee Kommand
Construct Panzerarmee Kommand
Emergency Repair Kits
Selects Armored Support Battlegroup
Selects Salvage Kits
Selects Panzer Storm
Panzer III L Medium Tank
Rapid Advance
Panzer Storm
Panzer III L Medium Tank
Panzer Storm
Pak 38 Mechanized Group
Construct Mechanized Kompanie
Selects Superior Fire Drills
254 Reconnaissance Tractor
Selects Stuka Anti-tank Loiter
Armored Reserves
Advanced Field Repairs
Advanced Optics
Selects Flammpanzer III Medium Tank
Stuka Anti-tank Loiter
Tiger Heavy Tank
Selects Command Panzer IV F Medium Tank
Stuka Anti-tank Loiter
HulkSMASH
[82AD] Janko
Dirkradix
유파_Yupa
【POW】够得到的钟摆
【POW】游骑
0
0
Comments
sign in to comment!
No comments posted yet!